 Dungeon Crawl Stone Soup version 0.30-a0-586-g23e55c9e0a (webtiles) character file.

Game seed: 16941394930190028228

1157 Twinkles the Cleaver (level 8, -1/70 HPs)
             Began as a Hill Orc Fighter on Jan 4, 2023.
             Shot with an arrow by a centaur (8 damage)
             ... on level 6 of the Dungeon.
             The game lasted 00:18:15 (4982 turns).

Twinkles the Cleaver (Hill Orc Fighter)             Turns: 4982, Time: 00:18:16

Health: -1/70      AC: 11    Str: 21    XL:     8   Next: 39%
Magic:  8/8        EV: 10    Int:  8    God:
Gold:   213        SH: 10    Dex: 10    Spells: 7/7 levels left

rFire   . . .      SeeInvis .    g - +2 whip (elec)
rCold   . . .      Faith    .    c - +0 buckler
rNeg    . . .      Spirit   .    t - +2 ring mail {rPois}
rPois   +          Reflect  +    n - +2 helmet
rElec   .          Harm     .    (no cloak)
rCorr   .          Rampage  .    (no gloves)
Will    .....                    (no boots) Stlth
                                 j - amulet of reflection
HPRegen 0.31/turn                (no ring)
MPRegen 0.11/turn                (no ring)

@: no status effects
A: no striking features
a: no special abilities


You were on level 6 of the Dungeon.
You visited 1 branch of the dungeon, and saw 6 of its levels.

You collected 213 gold pieces.

Inventory:

Hand Weapons
 a - a +0 war axe
 f - a +4 dagger
 g - a +2 whip of electrocution (weapon)
Missiles
 u - 5 poisoned darts (quivered)
Armour
 b - a +0 scale mail
 c - a +0 buckler (worn)
 m - a +0 chain mail
 n - a +2 helmet (worn)
 t - a +2 ring mail of poison resistance (worn)
Jewellery
 j - an amulet of reflection (around neck)
 k - a ring of fire
Wands
 e - a wand of charming (1)
 h - a wand of acid (8)
 x - a wand of roots (11)
 y - a wand of mindburst (12)
Scrolls
 d - 2 scrolls of enchant weapon {unknown}
 i - a scroll of enchant armour {unknown}
 o - a scroll of noise {unknown}
 p - a scroll of amnesia {unknown}
 r - a scroll of torment {unknown}
 s - a scroll of magic mapping {unknown}
 v - a scroll of blinking {unknown}
 F - a scroll of fog
 Z - a scroll of identify
Potions
 l - a potion of magic {unknown}
 q - a potion of invisibility {unknown}
 w - 2 potions of cancellation {unknown}
 A - 2 potions of attraction
 J - 2 potions of curing
 M - 3 potions of might


   Skills:
 + Level 6.2 Fighting
 * Level 8.5 Axes
 + Level 5.7 Armour
 + Level 5.7 Shields


You had 7 spell levels left.
You didn't know any spells.
Your spell library contained the following spells:

 Spells                   Type           Power      Damage    Failure   Level
 Ensorcelled Hibernation  Hex/Ice        0%         N/A       78%         2
 Spider Form              Tmut/Pois      0%         N/A       95%         3
 Vhi's Electric Charge    Tloc/Air       0%         N/A       95%         3
 Anguish                  Hex/Necr       0%         N/A       100%        4
 Arcjolt                  Conj/Air       0%         1d10      100%        5
 Malign Gateway           Summ/Tloc      0%         N/A       100%        7
 Maxwell's Capacitive Co  Air            0%         ∞         100%        8
 Summon Horrible Things   Summ           0%         N/A       100%        8


Dungeon Overview and Level Annotations

Branches:
Dungeon (6/15) Zot: 26416
 Temple: D:4-7

Altars:
Makhleb
Nemelex Xobeh

Shops:
D:1 [[

Portals:
Abyss: D:4

Annotations:
D:4 2 transporters, themarg's ghost, novice GnTm
D:6 exclusions: electric eel and 4 more exclusions, Menkaure


Message History

The centaur shoots an arrow.
You reflect the arrow off an invisible shield around you!
The arrow hits Menkaure!
Menkaure calls on the powers of darkness!
Your body is wracked with pain!
* * * LOW HITPOINT WARNING * * *
The sky beast convulses!
The centaur convulses!
The centaur shoots an arrow.
You reflect the arrow off an invisible shield around you!
The arrow barely misses the centaur.
Menkaure calls on the powers of darkness!
The sky beast convulses!
Your body is wracked with pain!
* * * LOW HITPOINT WARNING * * *
The sky beast flickers out of sight!
Deactivating autopickup; reactivate with Ctrl-A.
Okay, then.
Unknown command.
The centaur shoots an arrow.
The arrow barely misses you.
Menkaure calls on the powers of darkness!
Something is bathed in an unholy light!
Your body is wracked with pain!
* * * LOW HITPOINT WARNING * * *
You feel better.
Menkaure whispers, "Let me perform the rites..."
Menkaure gestures at you while chanting.
Pain shoots through your body!
* * * LOW HITPOINT WARNING * * *
The centaur shoots an arrow.
You reflect the arrow off an invisible shield around you!
The arrow closely misses the centaur.
Things that are here:
a +0 robe; a +0 dagger
There is a stone staircase leading up here.
The centaur shoots an arrow.
The arrow hits you.
* * * LOW HITPOINT WARNING * * *
Menkaure calls on the powers of darkness!
The centaur convulses!
Your body is wracked with pain!
* * * LOW HITPOINT WARNING * * *
Something is bathed in an unholy light!
The centaur shoots an arrow.
The arrow hits you!
You die...

####.....c........##
#≈......##.#...#.#..##.### ..
≈#S............######.....###.
~~~........##..## #....#{.....
.......... ##...# #...###.....
......... #..c## #...# #.Y...
.......?# ##M.# ##..###)....
...........####)[.######..##...c.
............#.#.@..##.......##...
...............>#(....###......#.
..........#.##..#..#..# #...####.
......#...####........# #..## #.
......##.# #........####.# #.
#....# #.# #.###......#... #.
#<.####.#####.# ##.......... ..
#.......##....####.##....... ..
##........†..............##.# #.


You could see Menkaure (fast) and a centaur.

Vanquished Creatures
  A hornet (D:6)
  Duvessa (D:5)
  An ogre (D:5)
  A centaur (D:6)
  A gnoll sergeant (D:4)
  2 scorpions (D:4)
  Dowan (D:5)
  A jelly (D:5)
  3 hounds
  An iguana (D:5)
  2 orc wizards
  Robin (D:2)
  8 gnolls
  6 adders
  An ufetubus (D:4)
  2 worms
  5 dart slugs
  6 orcs
  A bat (D:1)
  4 endoplasms
  3 giant cockroaches
  16 goblins
  13 hobgoblins
  2 jackals (D:1)
  4 kobolds
  3 quokkas
  6 ball pythons
  2 frilled lizards
  3 rats
101 creatures vanquished.

Notes
Turn   | Place    | Note
-------+----------+-------------------------------------------
     0 | D:1      | Twinkles the Hill Orc Fighter began the quest for the Orb.
     0 | D:1      | Reached XP level 1. HP: 19/19 MP: 1/1
   178 | D:1      | Found Vilon's Armour Shoppe.
   293 | D:1      | Found Mecrul's Antique Armour Shop.
   307 | D:1      | Reached skill level 3 in Axes
   325 | D:1      | Reached XP level 2. HP: 25/27 MP: 2/2
   759 | D:1      | Reached XP level 3. HP: 33/33 MP: 3/3
  1179 | D:2      | Reached skill level 4 in Axes
  1296 | D:2      | Noticed Robin
  1308 | D:2      | Reached XP level 4. HP: 22/40 MP: 4/4
  1309 | D:2      | Killed Robin
  1560 | D:3      | Found a burning altar of Makhleb.
  1758 | D:3      | Reached XP level 5. HP: 21/47 MP: 5/5
  2531 | D:4      | Found a transporter.
  2723 | D:4      | Found a one-way gate to the infinite horrors of the Abyss.
  2723 | D:4      | Noticed themarg's ghost (novice GnTm)
  2727 | D:4      | Noticed a small abomination
  2744 | D:4      | Found a transporter.
  2776 | D:4      | Reached skill level 5 in Axes
  3170 | D:4      | Reached XP level 6. HP: 38/53 MP: 6/6
  3362 | D:4      | Found a sparkling altar of Nemelex Xobeh.
  3487 | D:5      | Entered Level 5 of the Dungeon
  3531 | D:4      | Reached skill level 6 in Axes
  3584 | D:4      | Reached skill level 5 in Fighting
  3683 | D:5      | Reached XP level 7. HP: 35/61 MP: 7/7
  3925 | D:5      | Reached skill level 7 in Axes
  3925 | D:5      | Reached skill level 5 in Armour
  3925 | D:5      | Reached skill level 5 in Shields
  3975 | D:5      | Noticed Dowan
  3975 | D:5      | Noticed Duvessa
  4009 | D:5      | Killed Duvessa
  4158 | D:5      | Killed Dowan
  4667 | D:6      | Noticed a hornet
  4677 | D:6      | Killed a hornet
  4677 | D:6      | HP: 16/62 [centaur/arrow (4)]
  4678 | D:6      | Reached skill level 8 in Axes
  4678 | D:6      | Reached XP level 8. HP: 18/70 MP: 8/8
  4954 | D:6      | Noticed Menkaure
  4965 | D:6      | HP: 19/70 [??? (16)]
  4970 | D:6      | HP: 11/70 [??? (9)]
  4979 | D:6      | HP: 15/70 [Menkaure/nerve-wracking pain (5)]
  4982 | D:6      | HP: 7/70 [??? (5)]
  4982 | D:6      | Shot with an arrow by a centaur

Illustrated notes

Levels and vault maps discovered:
D:1:      dpeg_arrival_three_smaller_balls, layout_basic, serial_shops,
          nicolae_shop_advertising_works [nicolae_subvault_shop_adworks], shop
D:2:      layout_rooms, uniq_robin
D:3:      layout_basic, overflow_temple_1_default, kennysheep_cross_bottleneck,
          dreamdust_princess_bridge, minmay_misc_feat_alley
D:4:      layout_loops_ring, nemelex_dance_club_becter,
          gammafunk_ghost_abyssal_escape
D:5:      layout_basic, minmay_curled_crystal, uniq_duvessa
D:6:      layout_cave_pools, lemuel_temple_firewalk_a,
          chequers_serial_rivers_room_b, minmay_crystal_water,
          minmay_misc_feat_tiny, uniq_menkaure

Skill      XL: |  1  2  3  4  5  6  7 |
---------------+----------------------+-----
Axes           | 3 4 5 6 8 |  8.5
Fighting       | 4 5 6 |  6.2
Armour         | 4 5 |  5.7
Shields        | 4 5 |  5.7

Action                   |  1- 3 |  4- 6 |  7- 9 || total
-------------------------+-------+-------+-------++-------
Melee: War axe           |   100 |   109 |       ||   209
       Whip              |       |    60 |    93 ||   153
Throw: Dart              |       |     4 |    10 ||    14
  Use: Scroll            |       |     3 |       ||     3
       Potion            |       |       |     1 ||     1
Armor: Scale mail        |    30 |    51 |    14 ||    95
       Ring mail         |       |       |    22 ||    22
Dodge: Dodged            |    28 |    56 |    27 ||   111
Block: Buckler           |    40 |    82 |    50 ||   172
       Reflection        |     1 |       |     6 ||     7

Table legend: (Time is in decaauts)
 A = Elapsed time spent in this place.
 B = Non-inter-level travel time spent in this place.
 C = Inter-level travel time spent in this place.
 D = Time resting spent in this place.
 E = Time spent auto-exploring this place.
 F = Levels seen in this place.
 G = Mean time per level.
                   A        B        C        D        E       F      G
               +--------+--------+--------+--------+--------+-----+--------+
         Total |   5055 |   4788 |    267 |    558 |   3110 |   6 |  842.5 |
       Dungeon |   5055 |   4788 |    267 |    558 |   3110 |   6 |  842.5 |
               +--------+--------+--------+--------+--------+-----+--------+

Top non-repeatable levels by time:
     D:3: 1204 daAuts
     D:4: 1062 daAuts
     D:5: 948 daAuts
     D:1: 932 daAuts
     D:2: 630 daAuts
     D:6: 276 daAuts
